 Dungeon Crawl Stone Soup version 0.23-a0-151-gf6d1ed2717 (webtiles) character file.

7 Jesh the Sneak (level 1, -1/9 HPs)
             Began as a Spriggan Enchanter on Sept 8, 2018.
             Slain by a rat (3 damage)
             ... on level 1 of the Dungeon.
             The game lasted 00:00:46 (307 turns).

Jesh the Sneak (Spriggan Enchanter)                  Turns: 307, Time: 00:00:47

Health: -1/9       AC:  2    Str:  4    XL:     1   Next: 91%
Magic:  4/5        EV: 18    Int: 16    God:
Gold:   7          SH:  0    Dex: 16    Spells: 5/6 levels left

rFire    . . .     SeeInvis +   a - +1 dagger
rCold    . . .     Gourm    .   (shield restricted)
rNeg     . . .     Faith    .   b - +0 robe
rPois    .         Spirit   .   (helmet restricted)
rElec    .         Reflect  .   (no cloak)
rCorr    .         Harm     .   (gloves unavailable)
MR       .....                  (boots unavailable)
Stlth    +++.......             (no amulet)
HPRegen  0.03/turn              (no ring)
MPRegen  0.09/turn              (no ring)

@: very quick
A: very small, unfitting armour, see invisible, herbivore, speed 3, slow
metabolism 2
a: no special abilities


You were on level 1 of the Dungeon.
You were not hungry.

You visited 1 branch of the dungeon, and saw 1 of its levels.

You collected 7 gold pieces.

Inventory:

Hand Weapons
 a - a +1 dagger (weapon)
Armour
 b - a +0 robe (worn)
Potions
 e - a potion of brilliance
Comestibles
 d - a ration


   Skills:
 - Level 1.1 Short Blades
 - Level 3.0 Dodging
 - Level 4.4 Stealth
 + Level 3.1 Spellcasting
 + Level 4.0 Hexes


You had 5 spell levels left.
You knew the following spells:

 Your Spells              Type           Power        Failure   Level  Hunger
a - Corona                Hex            ###....      3%          1    None

Your spell library contained the following spells:

 Spells                   Type           Power        Failure   Level  Hunger
 Confuse                  Hex            ###.....     11%         3    ###....
 Tukima's Dance           Hex            ###.....     11%         3    ###....
 Ensorcelled Hibernation  Hex/Ice        #.....       12%         2    ##.....
 Dazzling Spray           Conj/Hex       #.....       24%         3    ###....


Dungeon Overview and Level Annotations

Branches:
Dungeon (1/15)

Altars:


Innate Abilities, Weirdness & Mutations

You are very small and have problems with some larger weapons.
You are too small for most types of armour.
You have supernaturally acute eyesight. (SInv)
You are a herbivore.
You cover ground extremely quickly.
You need to consume almost no food.


Message History

The dart slug is almost dead.
You hit the dart slug but do no damage.
The dart slug is almost dead.
The dart slug completely misses you.
You hit the dart slug but do no damage.
The dart slug is almost dead.
The rat misses you. The dart slug bites you.
You hit the dart slug but do no damage.
The dart slug is almost dead.
The rat bites you.
* * * LOW HITPOINT WARNING * * *
You hit the dart slug.
The dart slug is almost dead.
The rat barely misses you. The dart slug launches a dart at you.
The slug dart misses you.
You hit the dart slug but do no damage.
The dart slug is almost dead.
The dart slug stops glowing.
The rat bites you.
You die...

#......>...............
#...#....###.#.#######.
#.#.#....# #.#.# #.
##.#.#....# #.#.# #.
..........# #.#.# #####.
..........# #...........
#....#....#####.########
#.#........!....# #
#..$.@r...#####
#.##.w..#.# ... #....#+#
.#. #...... # #.......
#......... ...#......
#..#......


You could see a dart slug and a rat.

Vanquished Creatures
  A leopard gecko (D:1)
  4 bats (D:1)
  3 rats (D:1)
8 creatures vanquished.

Notes
Turn   | Place    | Note
-------+----------+-------------------------------------------
     0 | D:1      | Jesh the Spriggan Enchanter began the quest for the Orb.
     0 | D:1      | Reached XP level 1. HP: 9/9 MP: 5/5
   307 | D:1      | Slain by a rat

Vault maps used:
D:1:      lemuel_arrival_behind_the_door_large

Skill      XL: |  1 |
---------------+----+-----
Spellcasting   | 3 |  3.1
Hexes          | 4 |  4.0
Short Blades   | |  1.1
Dodging        | |  3.0
Stealth        | |  4.4

Action                   || total
-------------------------++-------
Melee: Dagger            ||    32
 Cast: Corona            ||     2
  Use: Scroll            ||     1
 Stab: Sleeping          ||     1
Armor: Robe              ||     5
Dodge: Dodged            ||    29

Table legend:
 A = Non-vault XP
 B = Vault XP
 C = Vault XP percentage of total XP
 D = Non-vault monster count
 E = Vault monster count
 F = Vault count percentage of total count
                 A         B        C        D         E       F
            +---------+---------+-------+---------+---------+-------
      Total |      11 |       0 |   0.0 |       8 |       0 |   0.0
            +---------+---------+-------+---------+---------+-------
        D:1 |      11 |       0 |   0.0 |       8 |       0 |   0.0
            +---------+---------+-------+---------+---------+-------
